Map: Orbital Shipyard

Players

LilDicky

  • Race: Terran Terran
  • League: Diamond

AdaptyR - Winner!

  • Race: Protoss Protoss

VOD

http://www.twitch.tv/tumescentpie

Description

Time

  • Played on: Dec. 8, 2015, 10:33 p.m.
  • Length: 11:44
Show
View Real Time Build Order
Export as new Build Order

LilDicky Terran 

Build Orders: MMM Bio 

Get SALT Encoding   

  12  0:01  SCV  
  13  0:13  SCV  
  14  0:18  Supply Depot  
  14  0:25  SCV  
  15  0:33  Refinery  
  15  0:39  SCV  
  16  0:45  Barracks  
  16  0:51  SCV  
  17  1:03  SCV  
  18  1:16  SCV  
  19  1:34  Factory  
  19  1:36  Marine  
  19  1:39  Supply Depot, Orbital Command  
  20  1:47  Refinery  
  20  1:55  Marine  
  21  2:05  SCV  
  22  2:13  Marine  
  23  2:20  SCV  
  24  2:29  Barracks  
  24  2:32  SCV, Barracks  
  24  2:36  Widow Mine  
  24  2:37  Barracks Reactor  
  25  2:43  Supply Depot  
  27  2:44  SCV  
  27  3:05  Widow Mine  
  29  3:17  Barracks Tech Lab  
  29  3:19  Barracks Tech Lab  
  29  3:20  Marine x2  
  29  3:21  SCV  
  32  3:49  Marine x2  
  32  3:50  Marine  
  32  3:51  Stimpack, Marine  
  32  3:55  Starport  
  32  4:07  Supply Depot, Marine  
  32  4:08  SCV  
  32  4:09  Marine  
  36  4:10  Combat Shields  
  36  4:11  Marauder  
  36  4:16  Marauder  
  39  4:26  Supply Depot  
  39  4:28  Marine x2, Widow Mine  
  39  4:29  SCV  
  44  4:33  Medivac  
  46  4:40  Supply Depot  
  46  4:46  Marine  
  46  4:47  Marine  
  46  4:48  Marauder x2  
  52  4:56  SCV  
  53  5:03  Medivac  
  53  5:04  Marine  
  53  5:05  Marine  
  57  5:09  Marauder  
  59  5:18  Hellion  
  63  5:21  Marauder  
  63  5:23  Marine  
  63  5:27  Supply Depot  
  62  5:49  Marauder  
  59  6:07  Marine x2  
  52  6:15  Marine  
  52  6:16  Widow Mine  
  51  6:36  Marine x2  
  51  6:37  Marauder  
  51  6:38  Marine  
  51  6:54  Marine x2  
  51  6:56  Marine  
  51  6:58  Marine  
  51  7:00  Medivac  
  57  7:03  Command Center  
  57  7:12  Barracks  
  57  7:13  Barracks  
  57  7:15  Barracks  
  57  7:22  SCV, Marine  
  59  7:26  Concussive Shells  
  59  7:34  SCV  
  60  7:38  Marauder  
  60  7:41  Marine  
  63  7:53  Marine x2  
  65  8:00  Marine x2  
  65  8:02  Marine  
  68  8:06  Marine x2  
  68  8:13  Marine x2  
  68  8:19  Medivac  
  72  8:22  Marine x2  
  63  8:50  Marine  
  63  8:51  Marine  
  63  8:52  Marine  
  56  9:19  Marine x2  
  56  9:21  Marine x2  
  58  9:27  Marine x2  
  60  9:35  Marine  
  60  9:37  Marine x2  
  62  9:39  Marine x2  
  62  9:44  Marine  
  62  9:47  Marine  
  62  9:48  SCV  
  62  9:50  Orbital Command  
  64  9:53  Marine  
  64  9:55  Marine x2  
  64  9:57  Marine x2  
  67  10:00  SCV  
  67  10:02  Marine  
  67  10:05  Marauder  
  68  10:10  Medivac  
  68  10:11  Marauder  
  68  10:12  Marine  
  68  10:13  Marine  
  74  10:14  Marine  
  74  10:15  Factory  
  74  10:19  Barracks Tech Lab  
  74  10:20  Marine  
  74  10:21  SCV x2  
  77  10:27  Marauder  
  80  10:30  Marine x2  
  80  10:32  Marine x2  
  80  10:33  SCV x2  
Show
View Real Time Build Order
Export as new Build Order

AdaptyR Protoss - Winner!

Build Orders: 1 Gate Expand 

Get SALT Encoding   

  12  0:01  Probe (Chrono Boost)  
  13  0:12  Probe (Chrono Boost)  
  14  0:18  Pylon  
  14  0:22  Probe (Chrono Boost)  
  15  0:36  Probe (Chrono Boost)  
  15  0:37  Gateway  
  16  0:46  Assimilator  
  16  0:47  Probe (Chrono Boost)  
  17  0:57  Probe (Chrono Boost)  
  18  1:08  Probe (Chrono Boost)  
  19  1:21  Nexus  
  19  1:30  Cybernetics Core  
  19  1:34  Probe (Chrono Boost)  
  19  1:39  Assimilator  
  20  1:45  Probe (Chrono Boost)  
  21  1:50  Pylon  
  21  1:55  Probe (Chrono Boost)  
  22  2:02  Pylon  
  22  2:09  Mothership Core (Chrono Boost)  
  22  2:12  Warp Gate  
  24  2:16  Adept (Chrono Boost)  
  26  2:32  Probe  
  26  2:34  Probe  
  28  2:40  Adept (Chrono Boost)  
  28  2:43  Robotics Facility  
  30  2:48  Probe  
  30  2:49  Probe  
  32  3:00  Probe  
  32  3:01  Probe  
  29  3:32  Observer (Chrono Boost)  
  27  3:54  Adept  
  27  3:55  Probe  
  29  3:56  Probe  
  29  4:02  Pylon  
  31  4:09  Probe  
  32  4:14  Gateway  
  32  4:17  Gateway x2  
  32  4:23  Gateway, Warp Prism (Chrono Boost)  
  34  4:28  Probe  
  34  4:30  Probe  
  36  4:37  Pylon  
  36  4:41  Probe  
  36  4:42  Probe  
  38  4:52  Probe (Chrono Boost), Pylon  
  38  4:54  Probe (Chrono Boost)  
  40  5:03  Probe (Chrono Boost)  
  41  5:20  Probe x2 (Chrono Boost)  
  43  5:25  Forge  
  43  5:27  Forge  
  43  5:30  Probe (Chrono Boost), Robotics Bay  
  43  5:32  Assimilator  
  42  5:38  Adept, Assimilator  
  42  5:39  Adept x2  
  42  5:40  Adept  
  46  5:54  Adept  
  46  6:02  Adept x4  
  54  6:13  Protoss Ground Weapons Level 1  
  54  6:14  Protoss Ground Armor Level 1  
  54  6:15  Probe x2 (Chrono Boost)  
  56  6:26  Probe x2 (Chrono Boost)  
  48  6:33  Stalker  
  48  6:36  Stalker x3, Probe (Chrono Boost)  
  53  6:53  Disruptor (Chrono Boost)  
  56  6:55  Probe x2 (Chrono Boost)  
  58  7:14  Pylon  
  58  7:16  Twilight Council  
  58  7:20  Pylon  
  58  7:21  Mothership Core  
  60  7:27  Pylon  
  60  7:28  Pylon  
  60  7:29  Disruptor (Chrono Boost)  
  63  7:30  Pylon  
  63  7:38  Probe  
  64  7:52  Stalker  
  64  7:53  Stalker x2  
  64  7:54  Stalker x2  
  74  8:02  Disruptor (Chrono Boost)  
  77  8:08  Nexus  
  77  8:15  Probe  
  77  8:16  Probe  
  77  8:19  Blink  
  79  8:33  Disruptor (Chrono Boost)  
  82  8:39  Pylon  
  63  9:02  Stalker  
  63  9:03  Stalker x2  
  66  9:28  Warp Prism (Chrono Boost)  
  68  9:33  Zealot x2  
  68  9:34  Zealot  
  69  10:28  Stalker x2, Zealot  
  73  10:29  Zealot x2  
  64  10:57  Stalker  
  66  11:08  Zealot  
  68  11:11  Stalker  
  68  11:12  Zealot  
  68  11:13  Zealot  
  74  11:32  Zealot x2  
Tags
 
Add a new tag
Caveats
  • Supply blocks, unpowered buildings, or Contaminate may cause inaccurate times.
  • Supply counts are checked every 10 seconds.